cohdb
Replays
Latest Replays
All Replays
Popular Replays
Top Player Replays
Match Explorer
How It Works
Community
CoH3 Stats
Reddit
Sign in to upload your games and track your stats! →
Sign in with Steam
Match 42747426
Unlisted
Match 42747426
Overview
Messages
Build Orders
End
Scout Squad
Construct Barracks
Selects Airborne Battlegroup
Selects Pathfinders
1⁄4-ton 4x4 Truck
Riflemen Squad
Riflemen Squad
Riflemen Squad
Air Support Center
Selects Paratrooper Squad Paradrop
Grasshopper Recon Run
M1918 Browning Automatic Rifles
P-47 Strafing Run
P-47 Dive Bomb
Grenade Package
Grasshopper Recon Run
J3WN1AL8T0R
Trion
0
0
Comments
sign in to comment!
No comments posted yet!